 Dungeon Crawl Stone Soup version 0.21-a0-472-g223bcb9 (webtiles) character file.

74 slep the Slasher (level 4, 0/24 HPs)
             Began as a Vine Stalker Monk on Nov 21, 2017.
             Slain by an iguana (6 damage)
             ... on level 3 of the Dungeon.
             The game lasted 00:07:30 (1831 turns).

slep the Slasher (Vine Stalker Monk)                Turns: 1831, Time: 00:07:31

Health: 0/24       AC:  7    Str: 14    XL:     4   Next: 30%
Magic:  0/5        EV: 10    Int: 10    God:
Gold:   81         SH:  0    Dex: 17    Spells: 3/3 levels left

rFire    . . .     SeeInvis .   a - +0 falchion
rCold    . . .     Gourm    .   (no shield)
rNeg     . . .     Faith    .   k - +0 scale mail
rPois    .         Spirit   +   (no helmet)
rElec    .         Reflect  .   (no cloak)
rCorr    .         Harm     .   (no gloves)
MR       .....                  o - +0 pair of boots
Stlth    +.........             d - amulet of inaccuracy (curse)
HPRegen  0.48/turn              (no ring)
MPRegen  0.09/turn              (no ring)

@: no status effects
A: fangs 2, regeneration 1, magic shield, antimagic bite, no potion heal 3, rot
immunity
a: no special abilities


You were on level 3 of the Dungeon.
You were not hungry.

You visited 1 branch of the dungeon, and saw 4 of its levels.

You collected 81 gold pieces.

Inventory:

Hand Weapons
 a - a +0 falchion (weapon)
Missiles
 n - 5 needles of sleeping
Armour
 b - a +0 robe
 k - a +0 scale mail (worn)
 o - a +0 pair of boots (worn)
Jewellery
 d - a cursed amulet of inaccuracy (around neck)
Scrolls
 h - 2 scrolls of enchant weapon {unknown}
 i - a scroll of blinking {unknown}
 l - 3 scrolls of teleportation {unknown}
 q - a scroll of enchant armour {unknown}
 r - a scroll of magic mapping {unknown}
 s - a scroll of identify {unknown}
 u - a scroll of amnesia {unknown}
Potions
 e - 3 potions of resistance {unknown}
 f - a potion of curing {unknown}
 m - a potion of invisibility {unknown}
 p - a potion of lignification {unknown}
 t - a potion of brilliance {unknown}
Comestibles
 c - 3 bread rations
 g - 4 chunks of flesh
 j - a meat ration


   Skills:
 + Level 3.1 Fighting
 + Level 3.5 Long Blades
 + Level 0.5 Armour
 + Level 2.9 Dodging
 + Level 2.8 Stealth


You had 3 spell levels left.
You didn't know any spells.

Dungeon Overview and Level Annotations

Branches:
Dungeon (4/15)
 Temple: D:4-7

Altars:
Dithmenos
Kikubaaqudgha
Vehumet


Innate Abilities, Weirdness & Mutations

You have extremely sharp teeth.
Your natural rate of healing is unusually fast.
When hurt, damage is shared between your health and your magic reserves.
Your bite disrupts and absorbs the magic of your enemies.
Potions cannot restore your health.
You are immune to rotting.


Message History

The iguana bites you!
You closely miss the iguana. Your bite misses the iguana.
The iguana is moderately wounded.
The iguana barely misses you.
You miss the iguana. You bite the iguana, but do no damage.
The iguana is moderately wounded.
The iguana bites you!
You hit the iguana but do no damage. You bite the iguana, but do no damage.
The iguana is moderately wounded.
The iguana bites you.
* * * LOW HITPOINT WARNING * * *
The iguana bites you but does no damage.
You hit the iguana. Your bite misses the iguana.
The iguana is heavily wounded.
The iguana closely misses you.
You hit the iguana but do no damage. You bite the iguana. You drain its power.
You feel invigorated.
The iguana is severely wounded.
The iguana bites you!
You die...

#.. ######......#.....######
###..###.........#####.#...#...
.......(.......### #.#.#.....
.........#####.# #.......#.
.###....######.# ##..#####.
...............## ##......#
####............## ######..
#.....†^.......# ###
#....†......@l.# #
#..............# #
#..............# #
#..............# #
##............## #
##..........## # ############


You could see an iguana.

Vanquished Creatures
  2 adders (D:3)
  2 worms (D:2)
  A dart slug (D:1)
  4 leopard geckos
  An orc (D:3)
  2 ball pythons (D:1)
  2 giant cockroaches
  2 goblins
  5 hobgoblins
  4 jackals (D:1)
  4 bats
  6 frilled lizards
  7 kobolds
  3 rats
45 creatures vanquished.

Notes
Turn   | Place    | Note
-------+----------+-------------------------------------------
     0 | D:1      | slep the Vine Stalker Monk began the quest for the Orb.
     0 | D:1      | Reached XP level 1. HP: 11/11 MP: 2/2
   229 | D:1      | Reached XP level 2. HP: 8/16 MP: 1/3
   345 | D:1      | Reached XP level 3. HP: 7/20 MP: 4/4
   822 | D:2      | Found an ancient bone altar of Kikubaaqudgha.
   919 | D:2      | Found a radiant altar of Vehumet.
  1260 | D:2      | Found a shadowy altar of Dithmenos.
  1746 | D:3      | Gained mutation: Your natural rate of healing is unusually fast. [Vine Stalker growth]
  1746 | D:3      | Reached XP level 4. HP: 13/24 MP: 5/5
  1831 | D:3      | Slain by an iguana

Vault maps used:
D:1:      dpeg_chamrin_arrival_tetris, solitary_fountain, serial_park_tiny_pond,
          chequers_big_river, minmay_misc_feat_encased, st_stairs_11
D:2:      kiku_gazebo_garden_becter, lemuel_crystal_altar,
          lemuel_coloured_pillars_altar, first_bread
D:3:      lemuel_blue_sif_altar, minmay_misc_feat_room
D:4:      lemuel_crystal_altar, lightli_ossuary_entry_decrepit_ruins

Skill      XL: |  1  2 |
---------------+-------+-----
Fighting       | 3 |  3.1
Long Blades    | 3 |  3.5
Armour         | |  0.5
Dodging        | |  2.9
Stealth        | |  2.8

Action                   |  1- 3 |  4- 6 || total
-------------------------+-------+-------++-------
Melee: Falchion          |   115 |    28 ||   143
       Bite              |    41 |     8 ||    49
 Stab: Sleeping          |     3 |       ||     3
       Distracted        |       |     1 ||     1
  Eat: Chunk             |     2 |     1 ||     3
Armor: Robe              |     5 |       ||     5
       Scale mail        |    31 |    12 ||    43
Dodge: Dodged            |    86 |    13 ||    99
       Rpst.: Falchion   |    29 |     3 ||    32

Table legend:
 A = Spawn XP
 B = Non-spawn XP
 C = Spawn XP percentage of total XP
 D = Spawn monster count
 E = Non-spawn monster count
 F = Spawn count percentage of total count
 G = Total turns spent on level
                    A         B        C        D         E        F      G
               +---------+---------+-------+---------+---------+-------+---------
         Total |       0 |     107 |   0.0 |       0 |      45 |   0.0 |  1831
               +---------+---------+-------+---------+---------+-------+---------
           D:1 |       0 |      36 |   0.0 |       0 |      20 |   0.0 |   663
           D:2 |       0 |      32 |   0.0 |       0 |      16 |   0.0 |  1050
           D:3 |       0 |      39 |   0.0 |       0 |       9 |   0.0 |   115
               +---------+---------+-------+---------+---------+-------+---------
